 Dungeon Crawl Stone Soup version 0.26-a0-800-g517d6fe721 (webtiles) character file.

Game seed: 6357811359439331521

3463 Ijustatesigmund the Fighter (level 9, -7/83 HPs)
             Began as a Minotaur Berserker on Nov 11, 2020.
             Was a High Priest of Trog.
             Mangled by an orc warrior
             ... wielding a +0 glaive
              (16 damage)
             ... in a bailey.
             The game lasted 00:12:55 (6504 turns).

Ijustatesigmund the Fighter (Minotaur Berserker)    Turns: 6504, Time: 00:12:59

Health: -7/83      AC: 19    Str: 20    XL:     9   Next: 78%
Magic:  8/8        EV: 10    Int:  4    God:    Trog [*****.]
Gold:   453        SH:  0    Dex: 13    Spells: 8/8 levels left

rFire    + . .     SeeInvis .   a - +2 war axe
rCold    + + .     Faith    .   (no shield)
rNeg     . . .     Spirit   .   b - +3 plate armour
rPois    +         Reflect  .   (helmet restricted)
rElec    +         Harm     .   (no cloak)
rCorr    +         Rampage  .   q - +1 pair of gloves
MR       ++...                  (no boots)
Stlth    ..........             (no amulet)
HPRegen  1.23/turn              d - ring of protection from cold
MPRegen  0.11/turn              (no ring)

@: resistant, regenerating
A: retaliatory headbutt, horns 2, mutation resistance 1, weak 1
a: Berserk, Trog's Hand, Brothers in Arms, Renounce Religion


You were in a bailey.
You worshipped Trog.
Trog was extremely pleased with you.
You visited 1 branch of the dungeon, and saw 8 of its levels.
You also visited: Bailey.

You collected 453 gold pieces.

Inventory:

Hand Weapons
 a - a +2 war axe (weapon)
 s - a +0 morningstar
Armour
 b - a +3 plate armour (worn)
 q - a +1 pair of gloves (worn)
Jewellery
 d - a ring of protection from cold (left hand)
Wands
 j - a wand of digging (4)
 n - a wand of paralysis (7)
 r - a wand of disintegration (13)
Scrolls
 m - 3 scrolls of remove curse
 o - a scroll of fog
Potions
 c - 2 potions of attraction
 e - 2 potions of flight
 f - 6 potions of curing
 g - a potion of lignification
 h - a potion of cancellation
 i - a potion of haste
 k - 2 potions of magic {unknown}
 l - 2 potions of berserk rage {unknown}
 p - 2 potions of might {unknown}
 t - a potion of brilliance {unknown}
 w - 2 potions of resistance
 x - a potion of heal wounds {unknown}
 z - a potion of experience {unknown}


   Skills:
 + Level 9.2 Fighting
 + Level 9.2 Axes
 + Level 8.7 Armour
 + Level 8.0 Dodging


You had 8 spell levels left.
You didn't know any spells.
Your spell library was empty.

Dungeon Overview and Level Annotations

Branches:
Dungeon (9/15)               Lair (0/6) D:8          Bailey (1/1)
 Temple: D:4-7          Orc: D:9-12

Altars:
Ashenzari
Elyvilon
Qazlal
Sif Muna
Trog
Vehumet
Wu Jian

Annotations:
D:5 Blork the orc
D:9 Pikel


Innate Abilities, Weirdness & Mutations

You reflexively headbutt those who attack you in melee.
You have a pair of horns on your head.
You are somewhat resistant to further mutation.
You are weak. (Str -2)


Message History

The orc warrior barely misses you.
Found a scroll of enchant armour and a scroll labelled LICWAP KEATT.
As you read the scroll labelled LIATE QAYBOY, it crumbles to dust.
You hear a voice calling someone else's name.
It was a scroll of random uselessness.
The orc knight roars a battlecry!
The orc knight goes into a battle-frenzy!
The orc warrior closely misses you. The orc warrior barely misses you.
The orc knight hits you but does no damage.
It was a potion of cancellation.
Your magical effects are unravelling.
You feel magically purged.
You feel yourself slow down.
It was a potion of resistance.
You feel protected. The orc warrior barely misses you.
The orc knight hits you from afar with a +0 trident!!
* * * LOW HITPOINT WARNING * * *
The orc warrior hits you from afar with a +0 glaive!
You die...

########### #######
..........###.....######
...........'.......#....
.???.......'.......o).o)
.?.?..oooo.'.......'...o
...........'.......'...o
....oo.@...'.......#....
..........###.....######
########### #######


You could see 2 orc knights and 4 orc warriors.

Vanquished Creatures
  The ghost of glosham the Cudgeller, an amateur FoDe of Cheibriados (D:4)
  Sigmund (D:6)
  A water moccasin (D:4)
  2 black bears
  6 orc warriors
  2 sky beasts (D:5)
  2 ice beasts
  6 ogres
  A gnoll sergeant (D:5)
  A water moccasin zombie (D:6)
  A scorpion (D:5)
  A howler monkey (D:6)
  A jelly (D:3)
  A centaur skeleton (D:4)
  5 orc priests
  5 hounds
  2 orc wizards (D:5)
  4 iguanas
  4 worker ants
  A killer bee zombie (D:5)
  A hound skeleton (D:5)
  11 adders
  22 gnolls
  A howler monkey skeleton (D:4)
  2 white imps
  2 oozes
  An adder skeleton (D:5)
  An adder zombie (D:9)
  2 worms
  3 dart slugs
  5 leopard geckos
  41 orcs
  9 bats
  8 giant cockroaches
  13 hobgoblins
  5 jackals (D:3)
  6 kobolds
  3 quokkas
  2 ball pythons
  7 frilled lizards
  A giant cockroach zombie (D:5)
  11 goblins
  A jackal zombie (D:4)
  2 leopard gecko skeletons
  A quokka zombie (D:5)
  6 rats
215 creatures vanquished.

Vanquished Creatures (collateral kills)
  An orc (Bailey)
1 creature vanquished.

Grand Total: 216 creatures vanquished

Notes
Turn   | Place    | Note
-------+----------+-------------------------------------------
     0 | D:1      | Ijustatesigmund the Minotaur Berserker began the quest for
                  | the Orb.
     0 | D:1      | Reached XP level 1. HP: 19/19 MP: 0/0
   250 | D:1      | Reached XP level 2. HP: 25/27 MP: 1/1
   789 | D:1      | Reached XP level 3. HP: 33/33 MP: 2/2
   900 | D:1      | Reached ** piety under Trog
  1467 | D:2      | Reached XP level 4. HP: 39/40 MP: 3/3
  2177 | D:2      | Found a bloodstained altar of Trog.
  2177 | D:2      | Found an ornate altar of the Wu Jian Council.
  2280 | D:3      | Reached XP level 5. HP: 47/47 MP: 4/4
  2799 | D:3      | Reached *** piety under Trog
  2799 | D:3      | Reached skill level 5 in Fighting
  2799 | D:3      | Reached skill level 5 in Axes
  2964 | D:3      | Found a radiant altar of Vehumet.
  3110 | D:4      | Noticed an ogre
  3112 | D:4      | Reached XP level 6. HP: 56/56 MP: 5/5
  3326 | D:4      | Noticed a water moccasin
  3336 | D:4      | Killed a water moccasin
  3338 | D:4      | Reached XP level 7. HP: 57/62 MP: 6/6
  3400 | D:4      | Reached skill level 5 in Armour
  3483 | D:4      | Found a stormy altar of Qazlal.
  3712 | D:4      | Noticed glosham's ghost (amateur FoDe)
  3713 | D:4      | Found a transporter.
  3718 | D:4      | Found a transporter.
  3729 | D:4      | Reached skill level 5 in Dodging
  3732 | D:4      | Killed glosham's ghost
  3894 | D:4      | Reached XP level 8. HP: 69/71 MP: 7/7
  4098 | D:5      | Entered Level 5 of the Dungeon
  4131 | D:5      | Noticed Blork the orc
  4139 | D:5      | Found a shimmering blue altar of Sif Muna.
  4274 | D:5      | Reached **** piety under Trog
  4296 | D:5      | Found a broken altar of Ashenzari.
  4649 | D:5      | Gained mutation: You are weak. (Str -2) [potion of
                  | mutation]
  4649 | D:5      | Gained mutation: You are somewhat resistant to further
                  | mutation. [potion of mutation]
  4960 | D:5      | Reached XP level 9. HP: 81/81 MP: 8/8
  5446 | D:6      | Noticed Sigmund
  5453 | D:6      | Killed Sigmund
  5642 | D:6      | Found a white marble altar of Elyvilon.
  5839 | D:6      | You fall into a shaft and drop 3 floors!
  6053 | D:9      | Noticed Pikel
  6142 | D:8      | Found a flagged portal.
  6153 | Bailey   | Entered a bailey
  6169 | Bailey   | Reached ***** piety under Trog
  6422 | Bailey   | Noticed an orc knight
  6494 | Bailey   | Noticed an orc knight
  6499 | Bailey   | Noticed an orc knight
  6504 | Bailey   | Mangled by an orc warrior

Illustrated notes

Levels and vault maps discovered:
D:1:      matt_arrival_los_fun, layout_basic, minmay_shallow_snake_nest
D:2:      layout_loops_ring, gammafunk_temple_overflow_elements,
          minmay_pentomino_q2
D:3:      layout_loops_ring, lemuel_coloured_pillars_altar
D:4:      layout_basic, grunt_qazlal_clouds, gammafunk_ghost_smash
D:5:      minmay_chambers_of_fours, layout_loops_ring,
          ashenzari_conservatory_becter, tgw_sif
D:6:      layout_rooms, lemuel_doored_altar, uniq_sigmund
D:8:      layout_cave_pods, lemuel_zombie_altar_yredelemnul, dpeg_oklobed_lair,
          enter_bailey_2, serial_shops, shop, uniq_harold
D:9:      layout_basic, uniq_erica, uniq_pikel
Bailey:   bailey_polearm_5, bailey

Skill      XL: |  1  2  3  4  5  6  7  8  9 |
---------------+----------------------------+-----
Fighting       | 4 5 6 7 9 |  9.2
Axes           | 4 5 6 7 9 |  9.2
Armour         | 3 4 6 7 8 |  8.7
Dodging        | 3 4 5 6 8 |  8.0

Action                   |  1- 3 |  4- 6 |  7- 9 || total
-------------------------+-------+-------+-------++-------
Melee: Hand axe          |    73 |       |       ||    73
       Headbutt          |    11 |    13 |    52 ||    76
       War axe           |    10 |    99 |   249 ||   358
Invok: Berserk           |       |     2 |     2 ||     4
       Trog's Hand       |       |       |     1 ||     1
       Brothers in Arms  |       |       |     1 ||     1
Evoke: Wand              |       |       |     9 ||     9
  Use: Scroll            |       |    11 |     9 ||    20
       Potion            |       |       |     7 ||     7
 Stab: Sleeping          |     3 |     1 |       ||     4
Armor: Animal skin       |    14 |     3 |       ||    17
       Plate armour      |       |    30 |   189 ||   219
Dodge: Dodged            |    50 |    61 |   175 ||   286

Table legend: (Time is in decaauts)
 A = Elapsed time spent in this place.
 B = Non-inter-level travel time spent in this place.
 C = Inter-level travel time spent in this place.
 D = Time resting spent in this place.
 E = Time spent auto-exploring this place.
 F = Levels seen in this place.
 G = Mean time per level.
                   A        B        C        D        E       F      G
               +--------+--------+--------+--------+--------+-----+--------+
         Total |   6585 |   6410 |    175 |   1086 |   4037 |   9 |  731.7 |
       Dungeon |   6250 |   6075 |    175 |    932 |   4010 |   8 |  781.2 |
        Bailey |    334 |    334 |      0 |    154 |     27 |   1 |  334.0 |
               +--------+--------+--------+--------+--------+-----+--------+

Top non-repeatable levels by time:
     D:5: 1275 daAuts
     D:2: 1180 daAuts
     D:1: 1070 daAuts
     D:4: 1023 daAuts
     D:3: 898 daAuts
     D:6: 486 daAuts
  Bailey: 334 daAuts
     D:9: 272 daAuts
     D:8: 42 daAuts
